Match 46736370
Unlisted

Match 46736370
End
Construct Section Command Post
Dingo Light Scout Car
Dingo Light Scout Car
Dingo Light Scout Car
Royal Engineer Section
Selects Air and Sea Battlegroup
Selects Supply Surplus
Construct Platoon Command Post
6-pounder Anti-tank Gun Team
Construct Resource Cache
Unlock M3 Stuart Light Tanks
Vickers Machine Gun Team
M3 Stuart Light Tank
6-pounder Anti-tank Gun Team
CMP 15cwt Truck
Construct Resource Cache
Construct Company Command Post
Vickers Machine Gun Team
Unlock Bishop Self-propelled Artillery
Chow Chow
Mars
wang_charity
HoroSaeki
洛洛
mi prima de Cifuentes
Sturmbock80
스키닷치우마뾰이
0
0

Comments sign in to comment!

No comments posted yet!